AoeStats
← TIMVP

Arena

510079366Analyzed
1v1 RM · 2d ago on Sep 29, 2026· 48m 25s· 2 players
Game mode
Random Map
Map size
Tiny (2 player)
Population
200
Speed
Normal
Resources
Standard
Victory
Conquest
Starting age
Dark Age
Ending age
Imperial Age
RankedLock teamsTeams togetherTeam positionsShared explorationLock speedFull tech treeHidden civsTurbo modeCheats
Victory
Defeat
🇨🇦 Franks · Canada
503
+18
🇵🇪 Romans · Peru
541
-18
onejonesy
7:21 Loom
10:49 Feudal Age
17:01 Scale Mail Armor
18:30 Forging
18:21 Padded Archer Armor
23:15 Castle Age
22:09 Fletching
22:11 Double-Bit Axe
22:49 Arson
24:37 Iron Casting
23:52 Elite Skirmisher
24:46 Stone Mining
26:04 Husbandry
27:29 Ordonnance Companies
32:20 Masonry
32:29 Bow Saw
34:23 Bodkin Arrow
34:49 Chain Mail Armor
36:00 Murder Holes
39:32 Imperial Age
37:41 Scale Barding Armor
40:22 Siege Engineers
40:47 Architecture
41:27 Chain Barding Armor
42:12 Wheelbarrow
41:32 Cavalier
42:50 Gold Mining
45:13 Leather Archer Armor
46:19 Town Watch
46:50 Hand Cart
46:16 Elite Throwing Axeman
49:37 Plate Barding Armor
TIMVP
9:09 Loom
11:37 Feudal Age
14:15 Horse Collar
15:07 Gold Mining
17:40 Man-at-Arms
23:37 Castle Age
23:38 Scale Mail Armor
23:50 Forging
25:07 Stone Mining
28:01 Chain Mail Armor
29:31 Gold Shaft Mining
29:51 Heavy Plow
30:52 Wheelbarrow
31:51 Iron Casting
30:43 Pikeman
31:24 Squires
34:04 Double-Bit Axe
37:28 Imperial Age
35:29 Bow Saw
35:43 Heavy Plow
37:55 Hand Cart
37:18 Long Swordsman
38:45 Conscription
40:04 Siege Engineers
40:21 Ballistics
41:03 Chemistry
41:02 Crop Rotation
43:47 Halberdier
43:55 Legionary
46:05 Heavy Scorpion
46:59 Ballistas
Connection lost

Rejoining the realm…

Still unreachable

The connection could not be restored.

Session expired

The server has moved on; the page needs a fresh start.